 Dungeon Crawl Stone Soup version 0.30-a0-1059-g7dea3e163d (webtiles) character file.

Game seed: 17523106230730574163

15842 MacCMillion the Skirmisher (level 11, 0/94 HPs)
             Began as a Demigod Hunter on Apr 12, 2023.
             Slain by a blink frog (12 damage)
             ... on level 2 of the Lair of Beasts.
             The game lasted 00:29:01 (16815 turns).

MacCMillion the Skirmisher (Demigod Hunter)        Turns: 16815, Time: 00:29:02

Health: 0/94       AC:  6    Str: 12    XL:     11   Next: 74%
Magic:  14/14      EV: 19    Int: 11    God:
Gold:   807        SH:  5    Dex: 29    Spells: 10/10 levels left

rFire   . . .      SeeInvis .    o - +3 arbalest (flame)
rCold   . . .      Faith    .    (shield currently unavailable)
rNeg    . . .      Spirit   .    N - +0 troll leather armour
rPois   +          Reflect  +    (no helmet)
rElec   .          Rampage  .    k - +0 cloak
rCorr   .                        i - +0 pair of gloves
Will    +....                    (no boots)
Stlth   +++                      A - amulet of reflection
HPRegen 1.15/turn                z - ring of poison resistance
MPRegen 0.14/turn                (no ring)

@: no status effects
A: high MP 1, forlorn, divine attributes
a: no special abilities


You were on level 2 of the Lair of Beasts.
You visited 2 branches of the dungeon, and saw 13 of its levels.
You also visited: Sewer and Bailey.

You collected 807 gold pieces.

Inventory:

Hand Weapons
 a - a +0 shortbow
 o - a +3 arbalest of flaming (weapon)
Missiles
 x - a throwing net
Armour
 i - a +0 pair of gloves (worn)
 k - a +0 cloak (worn)
 N - a +0 troll leather armour (worn)
Jewellery
 g - the amulet "Epnieted" {Faith rC+}
   (You found it on level 2 of the Dungeon)

   [amulet of faith]

   It allows you to gain divine favour quickly.
   rC:        It protects you from cold.
 z - a ring of poison resistance (left hand)
 A - an amulet of reflection (around neck)
 G - a ring of magical power
Wands
 e - a wand of paralysis (10)
 C - a wand of mindburst (21)
 E - a wand of digging (5)
 J - a wand of iceblast (5)
 L - a wand of acid (6)
Scrolls
 b - 4 scrolls of immolation
 h - a scroll of torment
 l - 3 scrolls of enchant armour
 m - 2 scrolls of noise
 n - 3 scrolls of poison {unknown}
 p - 3 scrolls of fear {unknown}
 q - 2 scrolls of enchant weapon {unknown}
 r - 3 scrolls of brand weapon {unknown}
 y - 2 scrolls of magic mapping {unknown}
 H - 2 scrolls of vulnerability {unknown}
 I - a scroll of silence
 K - 2 scrolls of blinking {unknown}
 P - 2 scrolls of teleportation
 R - a scroll of fog
Potions
 c - 4 potions of heal wounds
 d - 2 potions of mutation
 f - 3 potions of brilliance
 j - a potion of invisibility {unknown}
 s - a potion of haste
 t - a potion of berserk rage {unknown}
 u - a potion of flight {unknown}
 v - 10 potions of ambrosia
 w - 4 potions of attraction {unknown}
 B - 2 potions of might
 D - 2 potions of lignification
 F - 4 potions of magic {unknown}
 M - 2 potions of degeneration {unknown}
 O - 2 potions of resistance {unknown}
 Q - a potion of curing


   Skills:
 + Level 8.1 Fighting
 * Level 14.6 Ranged Weapons
 + Level 8.0 Dodging
 - Level 2.0 Stealth


You had 10 spell levels left.
You didn't know any spells.
Your spell library contained the following spells:

 Spells                   Type           Power      Damage    Failure   Level
 Beastly Appendage        Tmut           0%         N/A       41%         1
 Cigotuvi's Dreadful Rot  Necr/Pois/Air  0%         N/A       56%         2
 Wereblood                Tmut           0%         N/A       56%         2
 Call Canine Familiar     Summ           0%         N/A       80%         3
 Gell's Gravitas          Tloc           0%         N/A       80%         3
 Ignite Poison            Fire/Tmut/Pois 0%         N/A       80%         3
 Portal Projectile        Hex/Tloc       0%         N/A       80%         3
 Spider Form              Tmut/Pois      0%         N/A       80%         3
 Summon Guardian Golem    Hex/Summ       0%         N/A       80%         3
 Teleport Other           Tloc           0%         N/A       80%         3
 Vhi's Electric Charge    Tloc/Air       0%         N/A       80%         3
 Animate Armour           Summ/Erth      0%         N/A       99%         4
 Leda's Liquefaction      Hex/Erth       0%         N/A       99%         4
 Manifold Assault         Tloc           0%         N/A       99%         4
 Arcjolt                  Conj/Air       0%         1d10      100%        5
 Blade Hands              Tmut           0%         N/A       100%        5
 Freezing Cloud           Conj/Ice/Air   0%         6-21      100%        5
 Dispersal                Tloc           0%         N/A       100%        6
 Iron Shot                Conj/Erth      0%         9d1       100%        6
 Orb of Destruction       Conj           0%         9d5       100%        7
 Spellforged Servitor     Conj/Summ      0%         N/A       100%        7
 Disjunction              Tloc           0%         N/A       100%        8
 Maxwell's Capacitive Co  Air            0%         ∞         100%        8


Dungeon Overview and Level Annotations

Branches:
Dungeon (11/15)            Temple (0/1) D:7            Lair (2/5) D:8
    Orc (0/2) D:11          Sewer (visited)          Bailey (visited)
  Swamp: Lair:2-3    Shoals: Lair:2-3     Snake: Lair:2-3    Spider: Lair:2-3

Shops:
D:2 =   D:8 :[

Annotations:
D:5 1 runed translucent door, nubinia's ghost, novice TeSu
D:6 3 runed translucent doors, exclusion: wight, vampirul's ghost, amateur GnWn
D:7 4 exclusions


Innate Abilities, Weirdness & Mutations

You have an increased reservoir of magic. (+10% MP)
You shall have no god before yourself.
Your divine heritage dramatically boosts your attributes as you level up.


Message History

You block the yak's attack. The yak misses you. The yak gores you!
The yak attacks as you move away! The yak gores you. The yak misses you.
You block the yak's attack. The yak misses you.
The yak attacks as you move away! The yak closely misses you.
The five-headed hydra completely misses you.
The five-headed hydra bites you! The five-headed hydra bites you.
The five-headed hydra bites you!
You block the five-headed hydra's attack.
A blink frog comes into view.
The yak gores you.
A blink frog comes into view.
The yak misses you.
The five-headed hydra attacks as you move away!
The five-headed hydra bites you but does no damage.
The five-headed hydra completely misses you. x2
The five-headed hydra barely misses you.
The five-headed hydra bites you.
The blink frog gives a loud, deep croak!
The blink frog croaks.
You hear a loud, deep croak!
You hear a croak.
A blink frog comes into view.
The yak misses you. You block the yak's attack.
The five-headed hydra attacks as you move away!
The five-headed hydra bites you! The five-headed hydra bites you. x2
The five-headed hydra misses you. The five-headed hydra bites you!
* * * LOW HITPOINT WARNING * * *
A blink frog comes into view.
You block the yak's attack.
The blink frog blinks!
The blink frog blinks!
The five-headed hydra misses you.
The five-headed hydra completely misses you.
The five-headed hydra misses you.
The five-headed hydra barely misses you.
The five-headed hydra bites you but does no damage.
The yak completely misses you. The yak attacks as you move away!
The yak gores you!
* * * LOW HITPOINT WARNING * * *
The blink frog hits you!
You die...

#...................
#.......F...........
#........#..........
###......#...........
##..............(..P..
###...YF....###(.##.....
#.)...#DY.>.# #..##.....
###...F.....###.........
#...#@.....####....††#
.#.#.#........#.# ####..<.
.......<......#.# ####....
.##....††#....... .........
.....#.#.#.#.#..PP.#..[PP..
...............### #######.
.....#.......#.# ##
.........>......# . ..
#.......#..#


You could see a five-headed hydra, 2 yaks and 3 blink frogs.

Vanquished Creatures
  Nergalle (Lair:1)
  Pikel (D:4)
  An orc knight (Bailey)
  A black mamba (Lair:2)
  2 cane toads
  A komodo dragon (Lair:1)
  A queen bee (D:9)
  2 trolls
  4 polar bears (Lair:1)
  A shadow (D:11)
  2 wyverns
  21 yaks
  A basilisk (D:8)
  Eustachio (D:3)
  A steam dragon (D:8)
  Menkaure (D:6)
  3 acid dragons
  11 water moccasins
  3 sky beasts
  8 orc warriors
  A black bear (D:7)
  13 wolves
  4 lemures
  A centaur (D:7)
  2 kobold brigands
  2 phantoms (D:7)
  11 bullfrogs
  4 scorpions
  13 wights
  29 killer bees
  A howler monkey (D:8)
  2 jellies
  2 orc priests (D:10)
  A gnoll bouda (D:4)
  3 hounds
  6 iguanas
  A sleepcap (D:5)
  Ijyb (D:4)
  3 orc wizards
  8 gnolls
  10 adders
  2 river rats (D:6)
  3 shadow imps
  3 white imps
  An ufetubus (D:7)
  2 worms
  8 dart slugs
  35 orcs
  5 endoplasms
  6 giant cockroaches
  11 hobgoblins
  5 jackals
  A quokka (D:1)
  4 ball pythons
  5 bats
  4 frilled lizards
  9 goblins
  16 kobolds
  6 rats
311 creatures vanquished.

Vanquished Creatures (others)
  3 fungi
  26 plants
  2 withered plants (D:5)
31 creatures vanquished.

Grand Total: 342 creatures vanquished

Notes
Turn   | Place    | Note
-------+----------+-------------------------------------------
     0 | D:1      | MacCMillion the Demigod Hunter began the quest for the Orb.
     0 | D:1      | Reached XP level 1. HP: 17/17 MP: 3/3
    11 | D:1      | Reached skill level 1 in Stealth
   164 | D:1      | Reached XP level 2. HP: 22/24 MP: 4/4
   245 | D:1      | Reached skill level 4 in Ranged Weapons
   255 | D:1      | Got Plato's Codex of Modification
   668 | D:2      | Identified the amulet "Epnieted" {Faith rC+}
   724 | D:2      | Reached XP level 3. HP: 29/29 MP: 5/5
   948 | D:2      | Found Setroygg's Jewellery Shop.
  1511 | D:3      | Reached XP level 4. HP: 34/36 MP: 6/6
  1655 | D:3      | Reached skill level 5 in Ranged Weapons
  2127 | D:4      | Noticed Ijyb
  2179 | D:4      | Noticed Eustachio
  2522 | D:3      | Killed Eustachio
  2523 | D:3      | Reached skill level 6 in Ranged Weapons
  2523 | D:3      | Reached XP level 5. HP: 22/41 MP: 7/7
  2748 | D:4      | Reached XP level 6. HP: 40/48 MP: 8/8
  2895 | D:4      | Reached skill level 7 in Ranged Weapons
  2936 | D:5      | Entered Level 5 of the Dungeon
  3310 | D:5      | Found a runed translucent door.
  3312 | D:5      | Noticed nubinia's ghost (novice TeSu)
  3328 | D:5      | Reached XP level 7. HP: 45/53 MP: 9/9
  3470 | D:5      | Reached skill level 8 in Ranged Weapons
  4817 | D:4      | Noticed Pikel
  4868 | D:4      | Killed Pikel
  4869 | D:4      | Reached skill level 9 in Ranged Weapons
  4869 | D:4      | Reached XP level 8. HP: 3/60 MP: 10/10
  5256 | D:6      | Noticed Menkaure
  5379 | D:6      | Reached skill level 10 in Ranged Weapons
  5720 | D:6      | Found a glowing drain.
  5728 | Sewer    | Entered a sewer
  6226 | D:6      | Found a runed translucent gate.
  6226 | D:6      | Found a runed translucent gate.
  6226 | D:6      | Found a runed translucent gate.
  6253 | D:6      | Noticed vampirul's ghost (amateur GnWn)
  6454 | D:6      | Killed Menkaure
  7345 | D:7      | Found a staircase to the Ecumenical Temple.
  7835 | D:7      | Reached XP level 9. HP: 64/70 MP: 11/11
  8117 | D:7      | Reached skill level 11 in Ranged Weapons
  9982 | D:4      | Killed Ijyb
 10190 | D:8      | Found Adaafrih's Antique Armour Boutique.
 10229 | D:8      | Found Cerphulla's Book Emporium.
 10256 | D:7      | Reached skill level 5 in Fighting
 10256 | D:7      | Reached skill level 12 in Ranged Weapons
 10256 | D:7      | Reached skill level 5 in Dodging
 10644 | D:8      | Found a staircase to the Lair.
 10692 | D:8      | Reached XP level 10. HP: 10/81 MP: 13/13
 11404 | D:9      | Found a flagged portal.
 11421 | Bailey   | Entered a bailey
 11738 | Bailey   | Noticed an orc knight
 11943 | Bailey   | Killed an orc knight
 11987 | Bailey   | Identified the +7 ice dragon scales "Peucuusk" {rF- rC++
                  | rN+ Will++ Slay-3 Stlth+}
 11989 | Bailey   | Identified the +11 tower shield of Paihofaj {Fly rF+++
                  | Str-2}
 12931 | D:9      | Reached skill level 13 in Ranged Weapons
 13472 | D:10     | Entered Level 10 of the Dungeon
 14799 | D:11     | Found a staircase to the Orcish Mines.
 15110 | Lair:1   | Entered Level 1 of the Lair of Beasts
 15185 | Lair:1   | Reached XP level 11. HP: 67/91 MP: 14/14
 15888 | Lair:1   | Reached skill level 14 in Ranged Weapons
 15926 | Lair:1   | Noticed Nergalle
 15945 | Lair:1   | Killed Nergalle
 16163 | Lair:1   | Identified a scroll of acquirement
 16173 | Lair:1   | Acquired a +3 arbalest of flaming
 16791 | Lair:2   | Noticed a five-headed hydra
 16815 | Lair:2   | Slain by a blink frog

Illustrated notes

Levels and vault maps discovered:
D:1:      amcnicky_arrival_blooded_trapdoor, layout_rooms,
          shapermc_ecumenical_altar_rom_forum, lemuel_flame_loot_1
D:2:      layout_loops_ring, serial_shops, shop
D:3:      layout_loops_ring, nicolae_overflows_in_rows
D:4:      layout_cave_pods, palyth_stone_intersect, uniq_pikel, uniq_eustachio,
          uniq_ijyb
D:5:      layout_cave_pools, gammafunk_ghost_grave
D:6:      layout_basic, lemuel_coloured_pillars_altar, gup_sewer_entry_bubbles,
          gammafunk_ghost_split, uniq_menkaure
D:7:      layout_cave_pods, mainiacjoe_overflow_catwalk,
          minmay_temple_entry_poolview, serial_park, serial_park_tiny_1,
          serial_park_gazebo [serial_park_minivault_5x5_3],
          serial_park_fountain, serial_park_square1
          [serial_park_minivault_5x5_7], serial_park_square3
          [serial_park_minivault_5x5_3], kennysheep_generic_room_14
D:8:      layout_gridville, gammafunk_temple_overflow_wave,
          minmay_lair_entry_grove, serial_shops, shop,
          nicolae_shop_hallway_stairs, shop, skrybe_limestone_x, uniq_grum
D:9:      layout_roguey [special_room_bee], nzn_wu_jian_contemplation,
          enter_bailey_3, chequers_serial_rivers_micro_b, nrook_campfire,
          nicolae_underground_beach
D:10:     layout_stronghold, mainiacjoe_overflow_alcove_1, dk_vineyard_1
D:11:     layout_loops_cross, orc_0_dummy, nemelex_xobeh_ov_fountains_minmay
Lair:1:   beast_lair_carwin_large_2, layout_cave_pods, basic_altar,
          uniq_nergalle
Lair:2:   layout_misc_corridors, nicolae_swamp_entry_splash_gauntlet,
          spider_nest_entry_web_field, portal_ice_cave_rime, st_stairs_4,
          uniq_urug, uniq_harold

Skill      XL: |  1  2  3  4  5  6  7  8  9 10 11 |
---------------+----------------------------------+-----
Stealth        | 1 2 |  2.0
Ranged Weapons | 4 6 7 9 10 12 13 14 | 14.6
Fighting       | 3 5 6 8 |  8.1
Dodging        | 3 5 6 8 |  8.0

Action                     |  1- 3 |  4- 6 |  7- 9 | 10-12 || total
---------------------------+-------+-------+-------+-------++-------
   Fire: Shortbow          |   141 |   132 |   570 |   587 ||  1430
         Arbalest          |       |       |       |    65 ||    65
    Use: Scroll            |       |       |     6 |    11 ||    17
         Potion            |       |       |     1 |     7 ||     8
 Armour: Leather armour    |     9 |     4 |    70 |     5 ||    88
         Skin              |       |       |       |    76 ||    76
         Troll leather arm |       |       |       |    43 ||    43
  Dodge: Dodged            |    32 |    22 |   240 |   269 ||   563
  Block: Other             |       |       |       |   111 ||   111
         Reflection        |       |       |       |     2 ||     2

Table legend: (Time is in decaauts)
 A = Elapsed time spent in this place.
 B = Non-inter-level travel time spent in this place.
 C = Inter-level travel time spent in this place.
 D = Time resting spent in this place.
 E = Time spent auto-exploring this place.
 F = Levels seen in this place.
 G = Mean time per level.
                   A        B        C        D        E       F      G
               +--------+--------+--------+--------+--------+-----+--------+
         Total |  16877 |  16129 |    748 |   5478 |   7623 |  15 | 1125.1 |
       Dungeon |  14265 |  13546 |    719 |   4683 |   6588 |  11 | 1296.8 |
          Lair |   1683 |   1654 |     29 |    336 |    838 |   2 |  841.5 |
         Sewer |    353 |    353 |      0 |    225 |     83 |   1 |  353.0 |
        Bailey |    574 |    574 |      0 |    233 |    113 |   1 |  574.0 |
               +--------+--------+--------+--------+--------+-----+--------+

Top non-repeatable levels by time:
     D:7: 2451 daAuts
     D:4: 2175 daAuts
     D:6: 1962 daAuts
     D:9: 1708 daAuts
  Lair:1: 1577 daAuts
    D:10: 1248 daAuts
     D:5: 1218 daAuts
     D:2: 1103 daAuts
     D:3: 975 daAuts
     D:1: 689 daAuts
  Bailey: 574 daAuts
     D:8: 402 daAuts
   Sewer: 353 daAuts
    D:11: 328 daAuts
  Lair:2: 105 daAuts
